 Dungeon Crawl Stone Soup version 0.17-a0-1637-g5d65775 (webtiles) character file.

278 LilCorpsy the Poker (level 6, -8/47 HPs)
             Began as a Merfolk Gladiator on Aug 7, 2015.
             Was a Follower of Okawaru.
             Killed from afar by Dowan (10 damage)
             ... with a stone arrow
             ... on level 4 of the Dungeon.
             The game lasted 00:06:46 (3053 turns).

LilCorpsy the Poker (Merfolk Gladiator)             Turns: 3053, Time: 00:06:46

Health: -8/47      AC:  4    Str: 16    XL:     6   Next: 26%
Magic:  6/6        EV: 16    Int:  7    God:    Okawaru [*.....]
Gold:   104        SH:  0    Dex: 16    Spells: 0 memorised, 5 levels left

rFire  . . .     SeeInvis .     a - +0 trident
rCold  . . .     Rnd*Rage +     o - +1 leather armour {MR+}
rNeg   . . .     SustAt   .     (no shield)
rPois  .         Gourm    .     (helmet restricted)
rElec  .         Spirit   .     (no cloak)
rCorr  .         Warding  .     (no gloves)
rMut   .         Stasis   .     (no boots)
MR     ++...                    (no amulet)
Stlth  +.........               (no ring)
                                p - ring of protection from magic

@: very resistant to hostile enchantments, very unstealthy
A: change form in water, swift swim, horns 1, berserk 1, blink 1
a: Blink, Heroism, Renounce Religion


You were on level 4 of the Dungeon.
You worshipped Okawaru.
Okawaru was aware of your devotion.
You were near starving.

You visited 1 branch of the dungeon, and saw 4 of its levels.

You collected 104 gold pieces.

Inventory:

Hand weapons
 a - a +0 trident (weapon)
Missiles
 d - 2 throwing nets (quivered)
Armour
 c - a +0 helmet
 g - a +2 robe of positive energy
 o - a +1 leather armour of magic resistance (worn)
Jewellery
 p - a ring of protection from magic (left hand)
Scrolls
 f - a scroll of identify
 h - 3 scrolls of blinking
 q - 2 scrolls of recharging
Potions
 j - 3 potions of flight
Comestibles
 e - 3 bread rations
 n - 3 meat rations


   Skills:
 + Level 3.6 Fighting
 * Level 6.9 Polearms
 - Level 2.0 Throwing
 * Level 6.6 Dodging


You had 5 spell levels left.
You didn't know any spells.

Dungeon Overview and Level Annotations

Branches:
Dungeon (4/15)
 Temple: D:4-7

Altars:
Elyvilon
Fedhas
Gozag
Makhleb
Okawaru

Annotations:
D:4 Dowan


Innate Abilities, Weirdness & Mutations

You revert to your normal form in water.
You are very nimble and swift while swimming.
You have a pair of small horns on your head.
You tend to lose your temper in combat.
You can translocate small distances at will.


Message History

Dowan seems to find hidden reserves of power!
You have reached level 6!
Your experience leads to an increase in your attributes!
Increase (S)trength, (I)ntelligence, or (D)exterity?
You feel agile. Dowan barely misses you. Dowan hits you but does no damage.
Throwing (i - inventory):
d - 3 throwing nets (quivered)
Press: ? - help, Shift-Dir - straight line, f - Dowan
Aim: Dowan, wielding a dagger and wearing a robe (fast)
You throw a throwing net. The throwing net hits Dowan.
Dowan is caught in the net!
Dowan struggles against the net.
You hit Dowan.
Dowan is moderately wounded.
Dowan casts a spell at you. The stone arrow misses you.
Dowan struggles against the net.
You hit Dowan but do no damage.
Dowan is moderately wounded.
Dowan gestures at you while chanting. The stone arrow hits you!
You die...

####§§...##
##.§§§§...(#
#...§.###..##
#..#### ##..#
#### #..##
##..# #..##
#...# ##..#
#....## #@)###
#.....#
##e..##..
#.....#
###........#
#.....#
##...#####...
#.....###.e.##
#.
##....[#.e.###
#......†..##
##.....†###
##....##


You could see Dowan (caught).

Vanquished Creatures
  Duvessa (D:4)
  A giant frog (D:3)
  Jessica (D:3)
  A worker ant (D:4)
  An adder (D:2)
  2 worms
  A giant gecko (D:2)
  6 orcs
  A giant cockroach (D:1)
  10 hobgoblins
  2 jackals (D:1)
  3 bats
  4 giant newts
  3 goblins
  13 kobolds
  3 rats
53 creatures vanquished.

Notes
Turn   | Place    | Note
--------------------------------------------------------------
     0 | D:1      | LilCorpsy the Merfolk Gladiator began the quest for the Orb.
     0 | D:1      | Reached XP level 1. HP: 16/16 MP: 1/1
   163 | D:1      | Reached XP level 2. HP: 22/22 MP: 2/2
   500 | D:1      | Found an iron altar of Okawaru.
   504 | D:1      | Became a worshipper of Warmaster Okawaru
   976 | D:2      | Reached skill level 5 in Polearms
  1110 | D:2      | Reached XP level 3. HP: 23/28 MP: 3/3
  1451 | D:2      | Found a burning altar of Makhleb.
  1451 | D:2      | Noticed a green death
  1454 | D:2      | Noticed an orange demon
  1454 | D:2      | Noticed a ynoxinul
  1479 | D:2      | Found a white marble altar of Elyvilon.
  1489 | D:2      | Found a blossoming altar of Fedhas.
  1679 | D:2      | Reached skill level 5 in Dodging
  1769 | D:3      | Noticed a giant frog
  1779 | D:3      | Killed a giant frog
  1779 | D:3      | Reached XP level 4. HP: 27/35 MP: 4/4
  2096 | D:3      | Found an opulent altar of Gozag.
  2102 | D:3      | Noticed Jessica
  2242 | D:3      | Killed Jessica
  2242 | D:3      | Reached skill level 6 in Polearms
  2242 | D:3      | Reached XP level 5. HP: 41/41 MP: 5/5
  2950 | D:4      | Gained mutation: You tend to lose your temper in combat. [potion of mutation]
  2950 | D:4      | Gained mutation: You can translocate small distances at will. [potion of mutation]
  2950 | D:4      | Gained mutation: You have a pair of small horns on your head. [potion of mutation]
  3018 | D:4      | Noticed Duvessa
  3019 | D:4      | Noticed Dowan
  3048 | D:4      | HP: 2/41 [Duvessa/wand of flame (6)]
  3050 | D:4      | Killed Duvessa
  3050 | D:4      | Acquired Okawaru's first power
  3050 | D:4      | Reached XP level 6. HP: 2/47 MP: 6/6
  3053 | D:4      | Killed from afar by Dowan

Vault maps used:
D:1:      erik_arrival_cave_to_civilisation, okawaru_ov_weapons_minmay
D:2:      makhleb_altar_promises_db, lemuel_doored_altar, fedhas_altar_2
D:3:      grunt_gozag_breadcrumbs, uniq_jessica
D:4:      zin_angel, kennysheep_mini, kennysheep_mini_moat, first_bread,
          minmay_misc_feat_hallway, uniq_duvessa

Action                   |  1- 3 |  4- 6 || total
-------------------------+-------+-------++-------
Melee: Trident           |   126 |    79 ||   205
Throw: Throwing net      |       |     1 ||     1
  Use: Scroll            |       |     6 ||     6
       Potion            |       |     4 ||     4
 Stab: Sleeping          |     1 |     1 ||     2
  Eat: Bread ration      |     1 |       ||     1
       Fruit             |     1 |       ||     1
